 Dungeon Crawl Stone Soup version 0.31-a0-726-g3c93526463 (webtiles) character file.

Game seed: 4074982208165903856

2 Steglits the Firebug (level 1, 1/16 HPs)
             Began as a Human Wanderer on Sept 11, 2023.
             Quit the game on level 1 of the Dungeon.
             The game lasted 00:02:29 (128 turns).

Steglits the Firebug (Human Wanderer)                Turns: 128, Time: 00:02:30

Health: 1/16       AC:  3    Str: 11    XL:     1   Next: 44%
Magic:  0/2        EV: 10    Int: 14    God:
Gold:   8          SH:  4    Dex: 11    Spells: 1/2 levels left

rFire   . . .        a - +0 club
rCold   . . .        b - +0 buckler
rNeg    . . .        d - +0 robe
rPois   .            f - +0 helmet
rElec   .            (no cloak)
rCorr   .            (no gloves)
SInv    .            (no boots)
Will    .....        (no amulet)
Stlth   +            (no ring)
HPRegen 0.22/turn    (no ring)
MPRegen 0.08/turn

%: no passive effects
@: no status effects
A: no striking features
a: no special abilities


You were on level 1 of the Dungeon.
You visited 1 branch of the dungeon, and saw 1 of its levels.

You collected 8 gold pieces.

Inventory:

Hand Weapons
 a - a +0 club (weapon)
Armour
 b - a +0 buckler (worn)
 d - a +0 robe (worn)
 f - a +0 helmet (worn)
Potions
 c - a potion of heal wounds
 e - a potion of lignification


   Skills:
 - Level 2.0 Fighting
 - Level 1.0 Throwing
 - Level 1.0 Stealth
 - Level 1.0 Shields
 - Level 1.0 Unarmed Combat
 - Level 1.0 Spellcasting
 + Level 3.2 Fire Magic


You had one spell level left.
You knew the following spells:

 Your Spells              Type           Power      Damage    Failure   Level
a - Foxfire               Conj/Fire      20%        2x1d5     21%         1

Your spell library contained the following spells:

 Spells                   Type           Power      Damage    Failure   Level
 Volatile Blastmotes      Fire/Tloc      10%        2d10      52%         3
 Flame Wave               Conj/Fire      5%         2d5       89%         4


Dungeon Overview and Level Annotations

Branches:
Dungeon (1/15)

Altars:


Message History

The kobold shouts!
You hear an angry hiss.
A ball python comes into view.
The kobold hits you but does no damage.
You barely miss the kobold. The bat barely misses you.
The kobold hits you with a +0 short sword.
You closely miss the kobold. The bat hits you.
The kobold hits you with a +0 short sword. x2
You are too injured to fight recklessly!
The bat barely misses you. The bat hits you but does no damage.
The bat hits you but does no damage.
You are too injured to fight recklessly!
The bat hits you but does no damage.
You hit the bat but do no damage. The bat hits you but does no damage. x3
The kobold throws a stone.
The stone hits you.
The kobold throws a stone.
The stone barely misses you. The bat hits you but does no damage.
The ball python hisses angrily.
You hit the kobold but do no damage.
The kobold hits you with a +0 short sword.
* * * LOW HITPOINT WARNING * * *
The kobold hits you with a +0 short sword.
* * * LOW HITPOINT WARNING * * *
Casting: Foxfire (safe; 21% risk of failure)
Confirm with . or Enter, or press ? or * to list all spells.
You conjure some foxfire!
You block the kobold's attack.
Your foxfire dissipates!
The kobold attacks as it pursues you!
The kobold hits you with a +0 short sword.
* * * LOW HITPOINT WARNING * * *
Okay, then.
Unknown command.
Casting: Foxfire (safe; 21% risk of failure)
Confirm with . or Enter, or press ? or * to list all spells.
You conjure some foxfire!
The kobold hits you with a +0 short sword.
* * * LOW HITPOINT WARNING * * *
Your foxfire dissipates!
The kobold attacks as it pursues you! The kobold closely misses you.
Are you sure you want to abandon this character and quit the game? (Confirm with "yes".)

#.#≈.≈##''#..###.....#
#.#≈⌠≈#...#P.#.......###
#.#≈≈≈#.♣.#P.#..........
#.#####...#P⌠#.#.....##.
#.# ####'#####S.........
#.# #..#...# #b##S#####.
#.# #.<'.### #.# ...
#.############K# ####
#...# ##.##@# ###.#
####...#.#
#.###.##.....####
#.##.#......)...#
##.###.#...#####.#
##...##.#....... ..
##.....#.#...#### ##
#.(......##.##
#.........##.#


You could see a bat, a ball python and a kobold.

Vanquished Creatures
  A bat (D:1)
  A kobold (D:1)
2 creatures vanquished.

Notes
Turn   | Place    | Note
-------+----------+-------------------------------------------
     0 | D:1      | Steglits the Human Wanderer began the quest for the Orb.
     0 | D:1      | Steglits set off with the following items: a +0 club, a +0
                  | buckler, a potion of heal wounds, a +0 robe, a potion of
                  | lignification; and the following spell memorised: Foxfire;
                  | and the following spells available to memorise: Volatile
                  | Blastmotes, Flame Wave.
     0 | D:1      | Reached XP level 1. HP: 16/16 MP: 2/2
   128 | D:1      | Quit the game

Illustrated notes

Levels and vault maps discovered:
D:1:      sevenhm_arrival_forest_fort_small_3, layout_loops_ring,
          hellmonk_ecumenical_altar_blasted

Action                     || total
---------------------------++-------
  Melee: Club              ||    16
   Cast: Foxfire           ||     2
 Armour: Robe              ||    35
  Dodge: Dodged            ||    20
  Block: Buckler           ||     3

Table legend: (Time is in decaauts)
 A = Elapsed time spent in this place.
 B = Non-inter-level travel time spent in this place.
 C = Inter-level travel time spent in this place.
 D = Time resting spent in this place.
 E = Time spent auto-exploring this place.
 F = Levels seen in this place.
 G = Mean time per level.
                   A        B        C        D        E       F      G
               +--------+--------+--------+--------+--------+-----+--------+
         Total |    133 |    133 |      0 |      0 |     62 |   1 |  133.0 |
       Dungeon |    133 |    133 |      0 |      0 |     62 |   1 |  133.0 |
               +--------+--------+--------+--------+--------+-----+--------+

Top non-repeatable levels by time:
     D:1: 133 daAuts
